 Dungeon Crawl Stone Soup version 0.24-b1-30-g840c9efd86 (webtiles) character file.

Game seed: 6669502962012152706, levelgen mode: deterministic

384 Folque011 the Conjurer (level 6, 0/45 HPs)
             Began as a Demigod Conjurer on Oct 25, 2019.
             Slain by Sigmund
             ... wielding a +0 scythe of venom
              (13 damage)
             ... on level 4 of the Dungeon.
             The game lasted 00:17:28 (4209 turns).

Folque011 the Conjurer (Demigod Conjurer)           Turns: 4209, Time: 00:17:29

Health: 0/45       AC:  5    Str: 16    XL:     6   Next: 23%
Magic:  0/13       EV: 12    Int: 28    God:
Gold:   239        SH:  0    Dex: 16    Spells: 1/11 levels left

rFire    . . .     SeeInvis .   u - +2 falchion (slice)
rCold    . . .     Gourm    .   (no shield)
rNeg     . . .     Faith    .   a - +0 robe
rPois    .         Spirit   .   w - +2 hat
rElec    .         Reflect  .   (no cloak)
rCorr    +         Harm     .   k - +0 pair of gloves
MR       +....                  (no boots)
Stlth    ++........             (no amulet)
HPRegen  0.15/turn              t - ring of resist corrosion
MPRegen  0.13/turn              l - ring of protection from magic

@: mighty, brilliant, very slightly contaminated
A: high mp 1
a: no special abilities


You were on level 4 of the Dungeon.
You were very hungry.

You visited 1 branch of the dungeon, and saw 4 of its levels.

You collected 239 gold pieces.

Inventory:

Hand Weapons
 d - a +0 long sword
 e - a +0 club
 h - a +0 dagger
 i - a +0 dagger of venom
 u - a +2 falchion of slicing (weapon)
Missiles
 b - 9 boomerangs
 g - 2 throwing nets
 j - 16 poisoned darts (quivered)
Armour
 a - a +0 robe (worn)
 k - a +0 pair of gloves (worn)
 s - a +0 helmet
 w - a +2 hat (worn)
Jewellery
 l - a ring of protection from magic (right hand)
 t - a ring of resist corrosion (left hand)
Scrolls
 f - 4 scrolls of remove curse
 m - 3 scrolls of identify
 n - a scroll of random uselessness {unknown}
 o - a scroll of enchant armour {unknown}
 p - a scroll of immolation {unknown}
 q - 2 scrolls of teleportation {unknown}
 v - a scroll of magic mapping {unknown}
Potions
 z - a potion of brilliance
Comestibles
 c - 7 rations


   Skills:
 - Level 1.7 Dodging
 - Level 1.7 Stealth
 - Level 3.2 Spellcasting
 + Level 4.9 Conjurations
 * Level 3.9 Hexes


You had one spell level left.
You knew the following spells:

 Your Spells              Type           Power        Failure   Level  Hunger
a - Magic Dart            Conj           ####         1%          1    None
b - Searing Ray           Conj           #####.       1%          2    #......
c - Dazzling Spray        Conj/Hex       #####.       1%          3    ##.....
d - Fulminant Prism       Conj/Hex       #####.....   1%          4    ####...

Your spell library contained the following spells:

 Spells                   Type           Power        Failure   Level  Hunger
 Iskenderun's Mystic Bla  Conj           #####...     1%          4    ####...
 Force Lance              Conj/Tloc      #####...     3%          4    ####...


Dungeon Overview and Level Annotations

Branches:
Dungeon (4/15)
 Temple: D:4-7

Annotations:
D:4 2 transporters, Mesmaeker13's ghost, amateur DgSk; Sigmund


Innate Abilities, Weirdness & Mutations

You have an increased reservoir of magic. (+10% MP)


Message History

Press: ? - help, Shift-Dir - straight line You throw a poisoned dart.
You feel sick.
It was a potion of brilliance.
You feel clever all of a sudden.
You feel sick. Something hits you.
* * * LOW HITPOINT WARNING * * *
You are more poisoned.
It was a potion of might.
You feel very mighty all of a sudden.
* * * LOW HITPOINT WARNING * * *
You feel sick. Something hits you but does no damage.
You are more poisoned.
It was a potion of curing.
You feel better.
Casting: Magic Dart (safe; 1% risk of failure)
Confirm with . or Enter, or press ? or * to list all spells.
Aiming: Magic Dart (safe; 1% risk of failure)
Press: ? - help, Shift-Dir - straight line The magic dart hits something but does no damage.
Something hits you!
You die...

#........#..#
#..#####.#..# #.........
...# #.#..# #.........
#.######.#..# #.........
.<.......#..# #.).....[.
##########..# #.........
............# .........
###########.####.{†....#
...............'@...>..#
.#########.#####.......#
.# #.....#.......# .##
#.....#.......# ..#
#.....######### #.#
#.....# #.# #.##### #.#
#.# #.## #.#


There were no monsters in sight!

Vanquished Creatures
  A scorpion (D:3)
  A bullfrog skeleton (D:4)
  2 worker ants (D:4)
  A hound skeleton (D:4)
  11 gnolls
  3 adders (D:2)
  An adder skeleton (D:4)
  4 worms
  5 leopard geckos
  7 orcs
  A giant cockroach (D:1)
  7 goblins
  11 hobgoblins
  12 jackals
  3 ball pythons
  6 bats
  7 frilled lizards
  6 kobolds
  A leopard gecko skeleton (D:2)
  7 rats
97 creatures vanquished.

Vanquished Creatures (others)
  5 fulminant prisms
5 creatures vanquished.

Grand Total: 102 creatures vanquished

Notes
Turn   | Place    | Note
-------+----------+-------------------------------------------
     0 | D:1      | Folque011 the Demigod Conjurer began the quest for the Orb.
     0 | D:1      | Reached XP level 1. HP: 14/14 MP: 5/5
     3 | D:1      | Noticed an electric eel
   101 | D:1      | Noticed an electric eel
   184 | D:1      | Reached XP level 2. HP: 9/20 MP: 3/7
   418 | D:1      | Learned a level 2 spell: Searing Ray
   752 | D:2      | Reached XP level 3. HP: 26/26 MP: 5/9
   871 | D:2      | Reached skill level 4 in Conjurations
   881 | D:2      | Learned a level 3 spell: Dazzling Spray
  1037 | D:2      | Found an iron altar of Okawaru.
  1042 | D:2      | Found a shimmering altar of Xom.
  1051 | D:2      | Found a glowing silver altar of Zin.
  1064 | D:2      | Found an ornate altar of the Wu Jian Council.
  1165 | D:2      | Reached skill level 1 in Hexes
  1960 | D:2      | Reached XP level 4. HP: 33/33 MP: 6/11
  2618 | D:3      | Reached XP level 5. HP: 33/38 MP: 8/12
  2628 | D:3      | Learned a level 4 spell: Fulminant Prism
  3923 | D:4      | Reached XP level 6. HP: 39/45 MP: 8/13
  4065 | D:4      | Found a transporter.
  4067 | D:4      | Noticed Mesmaeker13's ghost (amateur DgSk)
  4070 | D:4      | Identified the +8 dire flail of No Interval {protect, rElec
                  | rPois rF- rC-}
  4071 | D:4      | Found a transporter.
  4190 | D:4      | Noticed Sigmund
  4209 | D:4      | Slain by Sigmund

Skill      XL: |  1  2  3  4  5 |
---------------+----------------+-----
Spellcasting   | 2 3 |  3.2
Conjurations   | 4 |  4.9
Hexes          | 1 2 3 |  3.9
Dodging        | |  1.7
Stealth        | |  1.7

Action                   |  1- 3 |  4- 6 || total
-------------------------+-------+-------++-------
Melee: Unarmed           |     9 |       ||     9
       Club              |     6 |       ||     6
       Dagger            |    54 |    20 ||    74
       Falchion          |       |    44 ||    44
Throw: Boomerang         |       |     2 ||     2
       Dart              |       |     2 ||     2
 Cast: Magic Dart        |    27 |     6 ||    33
       Searing Ray       |    14 |    11 ||    25
       Dazzling Spray    |       |    11 ||    11
       Fulminant Prism   |       |     5 ||     5
  Use: Scroll            |     1 |     2 ||     3
       Potion            |       |     4 ||     4
 Stab: Distracted        |     1 |     1 ||     2
       Sleeping          |       |     6 ||     6
       Invisible         |       |     1 ||     1
  Eat: Chunk             |     3 |     9 ||    12
Armor: Robe              |    21 |    16 ||    37
Dodge: Dodged            |    60 |    56 ||   116
       Rpst.: Falchion   |       |    11 ||    11
